Map: [ESL] Data-C

Players

DnS

  • Race: Protoss Protoss
  • Spawn Location: 9:00

Gerald - Winner!

  • Race: Protoss Protoss
  • Spawn Location: 3:00

Event: DreamHack SC2 Masters 2022 Atlanta (Online)

VOD

Have the link to the VOD?

Description

Time

  • Played on: Oct. 1, 2022, 1:38 p.m.
  • Length: 17:07

All games in this series

Show
View Real Time Build Order
Export as new Build Order

DnS Protoss 

Build Orders: Oracle Opening 

Get SALT Encoding   

  12  0:00  Probe  
  13  0:12  Probe  
  14  0:18  Pylon  
  14  0:24  Probe  
  15  0:36  Probe (Chrono Boost)  
  15  0:39  Gateway  
  16  0:46  Probe (Chrono Boost)  
  16  0:47  Assimilator  
  17  0:51  Probe (Chrono Boost)  
  18  1:03  Probe  
  19  1:15  Probe (Chrono Boost)  
  19  1:16  Pylon  
  20  1:18  Assimilator  
  21  1:26  Probe (Chrono Boost)  
  21  1:28  Cybernetics Core  
  21  1:31  Probe (Chrono Boost)  
  22  1:34  Zealot  
  24  1:41  Probe  
  25  1:53  Probe  
  26  2:05  Stargate  
  26  2:10  Probe  
  26  2:11  Adept  
  29  2:16  Pylon  
  29  2:20  Warp Gate  
  29  2:23  Probe  
  30  2:35  Pylon  
  30  2:38  Probe  
  31  2:49  Nexus  
  31  2:56  Oracle (Chrono Boost)  
  34  3:03  Probe  
  35  3:08  Stalker  
  37  3:15  Shield Battery  
  37  3:18  Probe  
  38  3:30  Probe, Pylon  
  39  3:43  Probe  
  39  3:45  Oracle (Chrono Boost)  
  41  3:52  Twilight Council  
  41  3:55  Probe  
  42  4:01  Probe  
  43  4:02  Gateway  
  43  4:07  Probe  
  43  4:09  Stalker  
  46  4:13  Probe  
  47  4:19  Probe  
  47  4:22  Gateway, Blink (Chrono Boost)  
  48  4:28  Probe  
  49  4:31  Probe  
  49  4:35  Stalker  
  52  4:44  Probe  
  53  4:48  Probe  
  54  4:56  Probe  
  54  4:59  Gateway  
  57  5:00  Probe, Stalker  
  58  5:08  Stalker  
  58  5:12  Nexus, Probe  
  61  5:15  Pylon  
  61  5:27  Pylon  
  61  5:29  Probe, Assimilator  
  61  5:33  Phoenix, Probe  
  65  5:39  Pylon  
  65  5:42  Stalker x2  
  69  5:45  Probe  
  69  5:48  Stalker  
  72  5:53  Stalker  
  74  5:59  Probe x2  
  74  6:01  Pylon  
  73  6:15  Stalker  
  73  6:16  Stalker x2  
  73  6:17  Stalker  
  81  6:19  Probe x2  
  83  6:27  Forge  
  83  6:31  Probe  
  84  6:35  Probe  
  84  6:37  Robotics Facility  
  83  6:50  Protoss Ground Weapons Level 1 (Chrono Boost)  
  83  6:53  Stalker x4  
  90  6:54  Probe x3  
  90  7:06  Probe  
  90  7:07  Probe  
  90  7:08  Probe  
  91  7:10  Shield Battery  
  91  7:13  Charge (Chrono Boost), Gateway  
  91  7:14  Gateway x2  
  91  7:15  Gateway  
  91  7:19  Stalker  
  93  7:24  Probe  
  93  7:27  Probe  
  93  7:28  Probe  
  96  7:32  Observer (Chrono Boost)  
  96  7:35  Stalker  
  96  7:36  Zealot x2, Pylon  
  103  7:41  Nexus  
  103  7:50  Observer, Pylon  
  104  7:53  Stalker  
  106  7:58  Stalker  
  106  8:00  Zealot x2  
  106  8:03  Probe  
  106  8:04  Pylon  
  106  8:05  Probe x2  
  115  8:08  Warp Prism (Chrono Boost)  
  115  8:11  Photon Cannon  
  117  8:20  Stalker x3  
  117  8:24  Zealot x2  
  127  8:27  Photon Cannon  
  127  8:33  Stalker x2  
  128  8:44  Gateway, Protoss Ground Weapons Level 2 (Chrono Boost)  
  128  8:45  Gateway  
  128  8:46  Probe x3  
  131  8:51  Stalker  
  133  8:55  Pylon  
  133  8:57  Probe  
  134  9:03  Zealot, Stalker  
  134  9:04  Zealot x2  
  134  9:08  Pylon  
  140  9:20  Zealot x4  
  138  9:24  Zealot x3  
  97  9:39  Stalker x3  
  97  9:41  Stalker x4  
  97  9:44  Probe x3  
  103  9:46  Assimilator  
  103  9:48  Stalker  
  103  9:49  Zealot x2  
  108  9:55  Shield Battery  
  108  9:57  Warp Prism (Chrono Boost)  
  108  10:07  Zealot x2  
  108  10:11  Stalker x4  
  108  10:12  Zealot x3  
  126  10:15  Assimilator  
  126  10:17  Probe x2  
  126  10:18  Probe, Assimilator  
  129  10:29  Zealot x3  
  129  10:32  Stalker x3  
  141  10:40  Dark Shrine  
  141  10:43  Nexus  
  141  10:46  Pylon  
  139  10:57  Robotics Bay  
  139  10:59  Robotics Facility  
  139  11:01  Photon Cannon  
  137  11:06  Zealot x2  
  137  11:07  Zealot  
  143  11:12  Zealot x5  
  143  11:13  Zealot  
  129  11:26  Probe  
  110  11:33  Stalker x6  
  110  11:39  Stalker x4  
  126  11:46  Disruptor x2 (Chrono Boost)  
  126  11:47  Probe x3  
  126  11:49  Probe  
  124  11:56  Photon Cannon  
  124  11:57  Shield Battery, Probe  
  124  11:59  Probe  
  126  12:07  Stalker x4  
  130  12:10  Zealot  
  130  12:15  Disruptor x2 (Chrono Boost)  
  132  12:26  Stalker x3  
  132  12:27  Zealot x2  
  140  12:32  Zealot x5  
  138  12:49  Zealot x2, Dark Templar x2  
  138  12:51  Zealot  
  148  12:52  Nexus  
  144  13:07  Disruptor x2  
  150  13:13  Pylon  
  146  13:22  Shadow Stride (Chrono Boost)  
  146  13:23  Protoss Ground Weapons Level 3 (Chrono Boost)  
  144  13:40  Zealot x3, Stalker x7  
  163  13:47  Nexus  
  163  13:56  Pylon  
  163  14:07  Disruptor x2 (Chrono Boost)  
  122  14:19  Photon Cannon  
  122  14:21  Photon Cannon  
  122  14:23  Shield Battery  
  120  14:25  Zealot x10  
  120  14:30  Assimilator x2  
  140  14:34  Disruptor x2 (Chrono Boost)  
  146  14:48  Nexus  
  144  14:53  Dark Templar x2, Stalker x2  
  144  14:54  Stalker  
  151  15:09  Observer x2  
  151  15:13  Stalker x3  
  151  15:14  Zealot, Stalker  
  154  15:24  Observer  
  150  15:38  Nexus  
  147  15:44  Pylon x2  
  147  15:46  Pylon  
  147  15:59  Nexus  
  147  16:02  Oracle  
  150  16:04  Pylon  
  150  16:08  Dark Templar  
  150  16:10  Observer x2  
  142  16:35  Stalker x4  
  142  16:39  Dark Templar x2  
Show
View Real Time Build Order
Export as new Build Order

Gerald Protoss - Winner!

Build Orders: Phoenix Opening 

Get SALT Encoding   

  12  0:00  Probe  
  13  0:12  Probe  
  14  0:18  Pylon  
  14  0:24  Probe (Chrono Boost)  
  15  0:36  Gateway  
  15  0:38  Probe (Chrono Boost)  
  16  0:43  Probe (Chrono Boost)  
  16  0:46  Assimilator  
  17  0:52  Probe (Chrono Boost)  
  17  0:54  Assimilator  
  18  1:04  Probe (Chrono Boost)  
  18  1:10  Gateway  
  19  1:13  Probe (Chrono Boost)  
  20  1:19  Probe  
  20  1:24  Cybernetics Core  
  21  1:31  Probe  
  22  1:38  Pylon  
  22  1:43  Probe  
  23  1:48  Pylon  
  23  1:56  Probe  
  23  2:01  Stalker  
  26  2:07  Pylon  
  26  2:08  Stalker  
  26  2:10  Probe  
  26  2:12  Warp Gate  
  29  2:24  Pylon x2  
  29  2:25  Probe  
  30  2:37  Probe  
  31  2:41  Stargate  
  30  2:49  Probe  
  31  3:01  Probe  
  32  3:07  Nexus  
  32  3:14  Probe  
  32  3:15  Shield Battery  
  32  3:19  Shield Battery  
  33  3:27  Phoenix (Chrono Boost)  
  33  3:30  Probe  
  35  3:42  Probe  
  35  3:47  Pylon  
  36  3:56  Twilight Council  
  36  3:57  Shield Battery  
  36  3:58  Probe (Chrono Boost)  
  37  4:05  Oracle  
  37  4:08  Probe (Chrono Boost)  
  41  4:13  Stalker  
  41  4:14  Probe (Chrono Boost)  
  44  4:19  Probe  
  45  4:24  Stalker  
  45  4:30  Probe  
  48  4:32  Probe  
  47  4:43  Stalker  
  47  4:44  Probe (Chrono Boost)  
  49  4:49  Probe (Chrono Boost)  
  49  4:54  Probe (Chrono Boost)  
  49  4:56  Blink (Chrono Boost)  
  49  4:58  Probe (Chrono Boost)  
  49  4:59  Probe (Chrono Boost)  
  52  5:08  Probe (Chrono Boost)  
  54  5:15  Probe (Chrono Boost), Assimilator  
  54  5:20  Probe (Chrono Boost)  
  54  5:21  Stalker x2  
  59  5:24  Probe (Chrono Boost)  
  59  5:25  Probe (Chrono Boost)  
  61  5:34  Nexus  
  61  5:37  Pylon  
  61  5:41  Probe  
  62  5:50  Gateway, Forge  
  62  5:55  Shield Battery, Probe  
  62  5:56  Probe  
  64  6:09  Probe  
  64  6:10  Probe  
  66  6:14  Stalker x2  
  66  6:17  Pylon  
  70  6:21  Pylon  
  70  6:25  Robotics Facility  
  70  6:26  Protoss Ground Weapons Level 1 (Chrono Boost)  
  70  6:33  Pylon  
  70  6:35  Probe x2, Assimilator  
  72  6:40  Stalker  
  72  6:41  Stalker  
  76  6:47  Probe x2  
  75  6:59  Probe x2  
  75  7:00  Stalker  
  76  7:06  Probe  
  77  7:11  Probe  
  77  7:14  Observer (Chrono Boost), Gateway x2  
  79  7:16  Robotics Bay  
  79  7:17  Robotics Facility, Probe  
  79  7:18  Probe, Stalker  
  79  7:22  Stalker  
  85  7:27  Probe  
  85  7:29  Probe  
  85  7:30  Immortal (Chrono Boost)  
  85  7:31  Probe  
  90  7:39  Observer, Probe  
  90  7:41  Probe  
  90  7:42  Stalker x2  
  90  7:43  Probe  
  97  7:51  Probe  
  97  7:53  Probe  
  97  7:55  Probe  
  100  7:59  Pylon  
  100  8:00  Disruptor (Chrono Boost)  
  100  8:04  Probe  
  100  8:05  Probe  
  105  8:06  Disruptor (Chrono Boost)  
  105  8:07  Probe, Assimilator  
  105  8:09  Assimilator  
  109  8:12  Photon Cannon  
  109  8:14  Pylon  
  109  8:17  Probe, Pylon  
  112  8:23  Nexus  
  110  8:27  Probe  
  110  8:28  Disruptor (Chrono Boost)  
  114  8:40  Stalker x3  
  120  8:43  Shield Battery  
  120  8:44  Photon Cannon  
  120  8:45  Pylon  
  120  8:46  Probe x2  
  120  8:47  Probe  
  123  8:50  Disruptor (Chrono Boost)  
  125  9:03  Photon Cannon  
  125  9:04  Stalker x3  
  125  9:06  Disruptor (Chrono Boost)  
  131  9:28  Stalker x5  
  139  9:34  Disruptor (Chrono Boost)  
  129  9:41  Disruptor (Chrono Boost)  
  129  9:42  Probe  
  129  9:43  Probe x2  
  129  9:45  Probe  
  136  9:47  Photon Cannon  
  136  9:49  Assimilator  
  136  9:53  Assimilator  
  136  9:54  Probe  
  136  9:55  Probe x2, Gateway  
  136  9:57  Probe  
  140  10:01  Gateway  
  140  10:03  Observer  
  140  10:05  Dark Shrine  
  140  10:07  Probe x2  
  143  10:09  Disruptor  
  146  10:15  Pylon  
  146  10:16  Probe  
  146  10:19  Pylon x2  
  147  10:23  Disruptor  
  147  10:25  Fleet Beacon  
  147  10:28  Protoss Ground Weapons Level 2 (Chrono Boost)  
  150  10:33  Probe  
  151  10:35  Gateway  
  151  10:37  Charge (Chrono Boost), Pylon  
  151  10:43  Gateway  
  151  10:44  Gateway  
  151  10:47  Gateway  
  151  10:48  Pylon  
  151  10:51  Stalker x2  
  155  10:59  Nexus  
  155  11:00  Pylon  
  155  11:01  Zealot x4  
  159  11:09  Stalker  
  161  11:14  Stalker  
  161  11:15  Stalker  
  151  11:26  Zealot  
  151  11:27  Zealot x3  
  151  11:34  Zealot x2  
  151  11:36  Disruptor (Chrono Boost)  
  151  11:37  Probe  
  151  11:39  Zealot  
  155  11:40  Zealot x3  
  155  11:42  Disruptor (Chrono Boost)  
  158  11:49  Mothership  
  166  11:56  Photon Cannon  
  166  11:57  Stalker x6  
  178  12:04  Disruptor  
  181  12:13  Nexus, Pylon  
  181  12:14  Stalker x3  
  185  12:23  Probe  
  185  12:25  Disruptor  
  185  12:42  Disruptor  
  185  12:48  Photon Cannon  
  185  12:50  Photon Cannon  
  185  12:51  Photon Cannon  
  185  12:53  Shield Battery, Probe  
  185  12:55  Pylon  
  185  12:56  Shield Battery  
  185  12:57  Shield Battery  
  184  12:59  Pylon  
  184  13:00  Observer  
  184  13:01  Disruptor  
  185  13:06  Probe  
  185  13:09  Stalker x7  
  194  13:21  Observer  
  191  13:29  Photon Cannon  
  191  13:30  Photon Cannon x2  
  191  13:33  Photon Cannon  
  189  13:36  Photon Cannon  
  189  13:37  Disruptor  
  189  13:40  Probe  
  193  13:41  Photon Cannon  
  193  13:45  Photon Cannon  
  193  13:46  Dark Templar x3  
  193  13:47  Pylon  
  193  13:48  Pylon  
  191  13:57  Stalker x5  
  191  13:59  Disruptor  
  178  14:12  Disruptor  
  171  14:20  Probe (Chrono Boost)  
  171  14:22  Dark Templar x4, Probe x4 (Chrono Boost)  
  188  14:31  Probe (Chrono Boost)  
  188  14:35  Probe x2 (Chrono Boost)  
  188  14:36  Probe (Chrono Boost)  
  188  14:38  Probe (Chrono Boost)  
  189  14:42  Probe x3 (Chrono Boost)  
  189  14:45  Assimilator  
  189  14:56  Stalker  
  189  14:57  Stalker x4  
  189  14:59  Photon Cannon  
  199  15:06  Stalker x4  
  179  15:08  Disruptor  
  178  15:17  Disruptor  
  178  15:18  Pylon  
  178  15:19  Pylon  
  171  15:39  Dark Templar x3  
  171  15:40  Dark Templar x4  
  185  15:44  Disruptor  
  185  15:46  Assimilator  
  185  15:47  Assimilator  
  188  15:55  Zealot x4  
  195  15:57  Photon Cannon  
  195  15:59  Photon Cannon  
  195  16:04  Observer  
  192  16:22  Zealot x6  
  190  16:46  Zealot  
  190  16:47  Zealot x6  
  175  16:55  Zealot x4  
Tags
 
Add a new tag
Caveats
  • Supply blocks, unpowered buildings, or Contaminate may cause inaccurate times.
  • Supply counts are checked every 10 seconds.